Map: 이어 제로 - 래더

Players

Creator

  • Race: Protoss Protoss
  • Spawn Location: 1:00

Patience - Winner!

  • Race: Protoss Protoss
  • Spawn Location: 11:00

Event: IEM Season 13: Katowice (2019)

VOD

Have the link to the VOD?

Description

Time

  • Played on: Feb. 28, 2019, 5:09 a.m.
  • Length: 11:53

All games in this series

Show
View Real Time Build Order
Export as new Build Order

Creator Protoss 

Build Orders: Zealot Archon 

Get SALT Encoding   

  12  0:00  Probe  
  13  0:12  Probe  
  14  0:18  Pylon  
  14  0:24  Probe  
  15  0:32  Probe  
  15  0:38  Gateway  
  15  0:40  Probe  
  16  0:47  Assimilator  
  17  0:51  Probe  
  17  0:55  Assimilator  
  18  1:02  Probe  
  19  1:09  Gateway  
  19  1:10  Probe  
  20  1:18  Probe  
  21  1:26  Cybernetics Core  
  21  1:29  Probe  
  22  1:37  Pylon  
  22  1:41  Probe  
  23  1:55  Probe  
  24  2:02  Warp Gate, Sentry, Stalker  
  28  2:14  Pylon  
  27  2:40  Nexus  
  27  2:47  Adept  
  27  2:48  Adept  
  31  2:51  Probe  
  32  2:59  Shield Battery  
  32  3:04  Probe  
  33  3:15  Shield Battery  
  33  3:17  Probe  
  34  3:29  Probe  
  34  3:30  Robotics Facility  
  35  3:41  Probe  
  36  3:46  Forge  
  36  3:47  Pylon  
  36  3:52  Probe  
  36  3:53  Sentry x2, Probe  
  42  4:01  Probe  
  42  4:05  Probe  
  42  4:08  Warp Prism, Shield Battery  
  44  4:10  Probe  
  44  4:14  Protoss Ground Weapons Level 1  
  42  4:17  Probe  
  42  4:22  Probe  
  44  4:29  Probe  
  45  4:32  Adept x2  
  45  4:36  Probe  
  50  4:41  Probe  
  50  4:44  Observer  
  52  4:45  Probe  
  53  4:53  Stalker x2, Probe x2  
  59  5:04  Probe  
  59  5:05  Probe  
  61  5:07  Pylon  
  61  5:09  Pylon  
  61  5:10  Immortal  
  61  5:24  Probe  
  61  5:25  Probe  
  63  5:28  Twilight Council  
  63  5:30  Assimilator  
  63  5:33  Assimilator  
  63  5:34  Protoss Ground Weapons Level 2  
  63  5:38  Probe x2  
  63  5:40  Immortal  
  63  5:41  Pylon  
  69  5:59  Gateway  
  69  6:00  Gateway  
  69  6:02  Gateway  
  69  6:06  Charge  
  69  6:14  Templar Archives  
  69  6:15  Pylon  
  69  6:30  Photon Cannon  
  69  6:31  Photon Cannon  
  69  6:34  Gateway  
  69  6:35  Gateway  
  69  6:38  Stalker  
  71  6:42  Stalker  
  63  6:56  Gateway  
  63  6:59  High Templar x2  
  63  7:00  Zealot  
  69  7:05  Archon  
  69  7:07  Zealot x2  
  73  7:16  Nexus  
  73  7:19  Pylon  
  73  7:35  High Templar x2  
  73  7:36  Zealot x5  
  87  7:40  Probe x2  
  87  7:43  Archon  
  89  7:55  Probe x2  
  89  7:57  High Templar x2  
  89  7:58  Zealot x3  
  101  8:02  Nexus, Archon  
  101  8:06  Pylon x2  
  101  8:11  Shield Battery  
  101  8:16  Pylon  
  101  8:19  Probe  
  102  8:23  Pylon  
  102  8:24  Probe  
  103  8:30  Observer  
  103  8:31  Zealot x2, High Templar x2  
  111  8:38  Archon  
  111  8:39  Shield Battery  
  111  8:42  High Templar x2  
  111  8:43  Zealot  
  117  8:48  Archon  
  117  8:53  Zealot x3  
  123  8:59  Pylon  
  123  9:06  Zealot x2  
  123  9:08  Zealot  
  129  9:21  High Templar x2  
  125  9:24  Zealot x3  
  125  9:25  Archon  
  125  9:26  Zealot  
  125  9:28  Zealot  
  135  9:34  Zealot  
  137  9:47  Zealot x2, High Templar x2  
  137  9:48  Zealot x2  
  137  9:49  Zealot  
  137  9:51  Pylon  
  151  9:54  Archon  
  151  9:58  Zealot  
  153  10:05  Pylon  
  153  10:06  Pylon  
  153  10:11  High Templar x2  
  157  10:16  Pylon  
  157  10:17  Archon  
  157  10:28  Zealot x3  
  159  10:30  Zealot  
  157  10:48  Immortal  
  119  10:54  Zealot x5  
  119  10:55  Zealot x3  
  103  11:15  High Templar x2  
  103  11:16  Zealot  
  103  11:17  Zealot x2  
  106  11:19  High Templar x2, Archon  
  106  11:20  Zealot  
  106  11:24  Archon  
  85  11:37  Zealot  
  85  11:38  Zealot x2  
  63  11:41  Zealot  
Show
View Real Time Build Order
Export as new Build Order

Patience Protoss - Winner!

Build Orders: Zealot Archon 

Get SALT Encoding   

  12  0:00  Probe  
  13  0:12  Probe  
  14  0:18  Pylon  
  14  0:23  Probe  
  15  0:32  Probe  
  15  0:38  Gateway  
  15  0:41  Probe  
  16  0:47  Assimilator  
  17  0:52  Probe  
  17  0:55  Assimilator  
  18  1:00  Probe  
  19  1:08  Probe  
  19  1:09  Gateway  
  20  1:19  Probe  
  21  1:25  Cybernetics Core  
  21  1:31  Probe  
  22  1:39  Pylon  
  22  1:43  Probe  
  22  1:44  Warp Gate  
  23  1:57  Probe  
  24  2:01  Stalker  
  24  2:02  Sentry  
  28  2:09  Pylon  
  28  2:10  Probe  
  29  2:25  Probe  
  30  2:33  Sentry  
  34  2:37  Sentry  
  34  2:38  Probe  
  35  2:49  Nexus  
  35  2:56  Pylon  
  35  3:02  Probe  
  36  3:12  Robotics Facility  
  36  3:14  Probe  
  37  3:26  Probe  
  37  3:34  Adept x2  
  37  3:38  Probe  
  42  3:43  Shield Battery  
  42  3:50  Probe  
  42  3:54  Adept x2  
  47  4:02  Probe  
  48  4:06  Shield Battery  
  48  4:08  Warp Prism, Pylon  
  48  4:12  Probe  
  48  4:14  Probe  
  48  4:28  Sentry, Adept  
  48  4:29  Probe x2  
  54  4:34  Forge  
  54  4:41  Probe x2  
  56  4:48  Immortal  
  60  4:53  Probe x2  
  60  4:58  Protoss Ground Weapons Level 1  
  62  5:05  Probe  
  62  5:06  Adept x2  
  68  5:07  Probe  
  68  5:20  Probe  
  68  5:21  Probe  
  70  5:24  Pylon  
  70  5:25  Assimilator  
  70  5:26  Assimilator  
  70  5:32  Immortal  
  70  5:34  Twilight Council  
  70  5:37  Pylon  
  70  5:42  Probe x2  
  76  5:54  Probe  
  77  5:59  Gateway x2  
  77  6:06  Observer  
  77  6:13  Charge  
  77  6:15  Gateway x2  
  78  6:20  Templar Archives  
  78  6:23  Probe  
  78  6:24  Probe  
  80  6:27  Pylon  
  80  6:29  Protoss Ground Weapons Level 2  
  80  6:30  Observer, Pylon  
  81  6:36  Pylon  
  81  6:54  Nexus  
  81  7:02  Gateway  
  81  7:04  Gateway  
  81  7:06  High Templar x2  
  81  7:07  High Templar  
  87  7:12  Shield Battery  
  87  7:15  Pylon  
  87  7:16  High Templar  
  87  7:17  Zealot  
  87  7:18  Zealot  
  93  7:23  Archon  
  93  7:25  Archon  
  93  7:29  Probe x2  
  93  7:34  Pylon  
  93  7:35  Pylon  
  92  7:43  High Templar  
  93  7:44  Zealot x3, High Templar  
  93  7:49  Archon  
  100  7:59  Probe  
  100  8:00  Probe  
  102  8:07  Zealot x5  
  112  8:12  Photon Cannon  
  112  8:16  High Templar  
  112  8:17  High Templar  
  112  8:18  Zealot  
  118  8:21  Archon  
  118  8:22  Pylon  
  116  8:39  High Templar  
  116  8:40  Zealot x4, High Templar  
  128  8:43  Archon  
  128  8:48  Pylon x2  
  128  8:50  Zealot  
  128  8:52  Zealot  
  132  9:13  Zealot, High Templar x2  
  132  9:14  Zealot x5  
  148  9:17  Archon  
  148  9:18  Observer  
  149  9:32  Pylon x2  
  149  9:40  Zealot x4  
  157  9:50  High Templar x2  
  157  9:51  Zealot x2  
  165  9:54  Archon  
  165  10:04  Zealot x4  
  173  10:13  Pylon  
  173  10:17  Pylon  
  172  10:31  Zealot x3  
  172  10:32  Zealot x3  
  180  10:36  Zealot x2  
  154  10:56  Stalker x4  
  160  11:00  Zealot x3  
  160  11:04  Zealot  
  146  11:30  Zealot x6  
  146  11:31  Zealot x2  

Tags
 
Add a new tag
Caveats
  • Supply blocks, unpowered buildings, or Contaminate may cause inaccurate times.
  • Supply counts are checked every 10 seconds.